 Dungeon Crawl Stone Soup version 0.27-a0-156-gbcd94eb011 (webtiles) character file.

Game seed: 13218191666340322777

296 foci the Shield-Bearer (level 6, -16/38 HPs)
             Began as a Gargoyle Fighter on Jan 28, 2021.
             Blown up by Ijyb (33 damage)
             ... with a mindburst bolt
             ... on level 3 of the Dungeon.
             The game lasted 00:04:33 (1990 turns).

foci the Shield-Bearer (Gargoyle Fighter)           Turns: 1990, Time: 00:04:33

Health: -16/38     AC: 11    Str: 22    XL:     6   Next: 34%
Magic:  6/6        EV:  8    Int:  8    God:
Gold:   154        SH: 10    Dex:  9    Spells: 5/5 levels left

rFire    . . .     SeeInvis .   a - +0 war axe
rCold    . . .     Faith    .   c - +0 kite shield
rNeg     + . .     Spirit   .   b - +0 scale mail
rPois    ∞         Reflect  .   (no helmet)
rElec    +         Harm     .   p - scarf {repulsion}
rCorr    .         Rampage  .   (no gloves)
Will     .....                  (no boots)
Stlth    ..........             (no amulet)
HPRegen  0.12/turn              (no ring)
MPRegen  0.10/turn              (no ring)

@: repel missiles
A: negative energy resistance 1, electricity resistance, unbreathing,
petrification resistance, miasma immunity, AC +4
a: no special abilities


You were on level 3 of the Dungeon.
You visited 1 branch of the dungeon, and saw 3 of its levels.

You collected 154 gold pieces.

Inventory:

Hand Weapons
 a - a +0 war axe (weapon)
Armour
 b - a +0 scale mail (worn)
 c - a +0 kite shield (worn)
 p - a scarf of repulsion (worn)
Scrolls
 e - a scroll of remove curse
 f - a scroll of amnesia {unknown}
 g - 2 scrolls of identify
 h - a scroll of blinking
 i - a scroll of teleportation {unknown}
 j - a scroll of enchant weapon {unknown}
 k - a scroll of random uselessness {unknown}
 o - a scroll of enchant armour {unknown}
Potions
 d - 2 potions of might
 l - a potion of brilliance {unknown}
 m - a potion of flight {unknown}
 n - a potion of lignification {unknown}
 q - a potion of cancellation {unknown}
 r - a potion of haste {unknown}


   Skills:
 + Level 4.2 Fighting
 + Level 3.6 Axes
 + Level 4.1 Armour
 + Level 1.0 Dodging
 + Level 0.5 Stealth
 + Level 4.9 Shields


You had 5 spell levels left.
You didn't know any spells.
Your spell library was empty.

Dungeon Overview and Level Annotations

Branches:
Dungeon (3/15)

Altars:
Ashenzari
Uskayaw

Annotations:
D:3 Ijyb


Innate Abilities, Weirdness & Mutations

You are resistant to torment.
Your stone body is resilient. (AC +4)
You are immune to poison.
You resist negative energy. (rN+)
You are resistant to electric shocks. (rElec)
You can survive without breathing.
You are immune to petrification.
You are immune to miasma.


Message History

You block Ijyb's attack.
You slash Ijyb!
Ijyb is heavily wounded.
Ijyb hits you but does no damage.
You closely miss Ijyb.
Ijyb is heavily wounded.
Ijyb hits you but does no damage. x2
You hit Ijyb.
Ijyb is heavily wounded.
Ijyb screams, "I dance on your bones!" Ijyb barely misses you.
You closely miss Ijyb.
Ijyb is heavily wounded.
Ijyb barely misses you.
Ijyb zaps a wand.
Your mind is blasted!
You slash Ijyb!
Ijyb is almost dead.
You block Ijyb's attack.
Ijyb zaps a wand.
Your mind is blasted!
Ouch! That really hurt!
You die...

#.#..?# #
#.#...# #.
#.#...##.
#.###......o.
#...g.)...g..
#.ooS..o.{..
###g##...###
#############.#
..#
#...........@.#
...
#.#############
...
##........## .#
#..........# .
#..††......#
#.....<....#
##....[...##
#........#
#........#


You could see Ijyb, an adder, an orc and a hobgoblin.

Vanquished Creatures
  Sigmund (D:2)
  Crazy Yiuf (D:2)
  5 adders (D:2)
  An ooze (D:2)
  2 worms (D:2)
  2 dart slugs (D:1)
  2 leopard geckos (D:2)
  5 giant cockroaches
  10 goblins
  8 hobgoblins
  7 kobolds
  6 bats
  2 frilled lizards
  6 rats (D:2)
58 creatures vanquished.

Notes
Turn   | Place    | Note
-------+----------+-------------------------------------------
     0 | D:1      | foci the Gargoyle Fighter began the quest for the Orb.
     0 | D:1      | Reached XP level 1. HP: 14/14 MP: 1/1
    12 | D:1      | Found a broken altar of Ashenzari.
    61 | D:1      | Reached XP level 2. HP: 19/19 MP: 2/2
   704 | D:2      | Reached XP level 3. HP: 17/23 MP: 3/3
  1016 | D:2      | Reached XP level 4. HP: 26/29 MP: 4/4
  1115 | D:2      | Found a runed translucent door.
  1116 | D:2      | Noticed Crazy Yiuf
  1136 | D:2      | Noticed Sigmund
  1158 | D:2      | Killed Sigmund
  1159 | D:2      | Reached skill level 1 in Dodging
  1159 | D:2      | Reached XP level 5. HP: 8/33 MP: 5/5
  1275 | D:2      | Reached XP level 6. HP: 23/38 MP: 6/6
  1423 | D:2      | Found a hide-covered altar of Uskayaw.
  1535 | D:2      | Found a faded altar of an unknown god.
  1845 | D:2      | Killed Crazy Yiuf
  1974 | D:3      | Noticed Ijyb
  1990 | D:3      | Blown up by Ijyb

Illustrated notes

Levels and vault maps discovered:
D:1:      nicolae_arrival_washed_ashore, layout_rooms,
          minmay_misc_feat_enclosed, ashenzari_altar_1
D:2:      layout_rooms, eat_drink_and_be_merry_uskayaw,
          chequers_ecumenical_altar_simple_redux, minmay_heptomino_w4,
          uniq_crazy_yiuf_cottage, uniq_sigmund
D:3:      layout_basic, amcnicky_mini_corridor_feature,
          minmay_fractal_squares_5, uniq_grinder, uniq_ijyb, uniq_terence

Skill      XL: |  1  2  3  4 |
---------------+-------------+-----
Axes           | 2 3 |  3.6
Fighting       | 4 |  4.2
Armour         | 4 |  4.1
Dodging        | 1 |  1.0
Shields        | 4 |  4.9
Stealth        | |  0.5

Action                   |  1- 3 |  4- 6 || total
-------------------------+-------+-------++-------
Melee: War axe           |   128 |    92 ||   220
  Use: Scroll            |       |     3 ||     3
Armor: Scale mail        |    93 |    64 ||   157
Dodge: Dodged            |    57 |    29 ||    86
Block: Kite shield       |    74 |    51 ||   125

Table legend: (Time is in decaauts)
 A = Elapsed time spent in this place.
 B = Non-inter-level travel time spent in this place.
 C = Inter-level travel time spent in this place.
 D = Time resting spent in this place.
 E = Time spent auto-exploring this place.
 F = Levels seen in this place.
 G = Mean time per level.
                   A        B        C        D        E       F      G
               +--------+--------+--------+--------+--------+-----+--------+
         Total |   2118 |   2071 |     47 |    101 |   1406 |   3 |  706.0 |
       Dungeon |   2118 |   2071 |     47 |    101 |   1406 |   3 |  706.0 |
               +--------+--------+--------+--------+--------+-----+--------+

Top non-repeatable levels by time:
     D:2: 1322 daAuts
     D:1: 733 daAuts
     D:3: 63 daAuts
